 Dungeon Crawl Stone Soup version 0.28-a0-823-gb444dcf96d (webtiles) character file.

Game seed: 2344510227639957802

2621 eastwood6510 the Cleaver (level 9, -3/79 HPs)
             Began as a Minotaur Monk on Nov 5, 2021.
             Slain by an unseen horror (4 damage)
             ... on level 7 of the Dungeon on Nov 9, 2021.
             The game lasted 00:40:07 (8456 turns).

eastwood6510 the Cleaver (Minotaur Monk)            Turns: 8456, Time: 00:40:08

Health: -3/79      AC: 12    Str: 17    XL:     9   Next: 34%
Magic:  8/8        EV:  7    Int:  7    God:
Gold:   246        SH:  8    Dex: 15    Spells: 8/8 levels left

rFire   + . .      SeeInvis .   k - +2 short sword (venom)
rCold   x . .      Faith    +   i - +3 buckler
rNeg    . . .      Spirit   .   c - +0 plate armour
rPois   .          Reflect  .   (helmet restricted)
rElec   .          Harm     .   g - scarf {repulsion}
rCorr   .          Rampage  .   (no gloves)
Will    .....                   (no boots)
Stlth   ..........              f - amulet of faith
HPRegen 0.23/turn               e - ring of fire
MPRegen 0.11/turn               (no ring)

@: repel missiles
A: horns 2, retaliatory headbutt
a: no special abilities


You were on level 7 of the Dungeon.
You visited 1 branch of the dungeon, and saw 7 of its levels.
You also visited: Sewer.

You collected 246 gold pieces.

Inventory:

Hand Weapons
 a - a +0 hand axe
 d - a +3 dagger
 k - a +2 short sword of venom (weapon)
 s - a +0 battleaxe
Missiles
 h - a throwing net
 j - 58 poisoned darts (quivered)
Armour
 c - a +0 plate armour (worn)
 g - a scarf of repulsion (worn)
 i - a +3 buckler (worn)
 p - a +0 troll leather armour
Jewellery
 e - a ring of fire (left hand)
 f - an amulet of faith (around neck)
 l - a ring of ice
 u - a ring of positive energy
Potions
 n - a potion of flight {unknown}
 o - a potion of ambrosia {unknown}
 q - a potion of brilliance {unknown}
 r - a potion of haste {unknown}
 v - a potion of magic {unknown}


   Skills:
 - Level 7.0 Fighting
 + Level 8.1 Axes
 - Level 0.3 Throwing
 - Level 5.0 Armour
 - Level 6.0 Dodging
 + Level 6.5 Stealth
 - Level 4.0 Shields


You had 8 spell levels left.
You didn't know any spells.
Your spell library was empty.

Dungeon Overview and Level Annotations

Branches:
Dungeon (7/15)              Sewer (visited)
 Temple: D:4-7

Altars:
Dithmenos


Innate Abilities, Weirdness & Mutations

You have a pair of horns on your head.
You reflexively headbutt those who attack you in melee.


Message History

You barely miss something. You headbutt something. Something hits you.
Something hits you but does no damage. Something hits you.
There is a stone staircase leading down, spattered with blood here.
You block something's attack. Something hits you.
Something hits you but does no damage. Something hits you.
There is a stone staircase leading down, spattered with blood here.
Something hits you. Something hits you! Something hits you. Something hits you.
* * * LOW HITPOINT WARNING * * *
Something hits you.
* * * LOW HITPOINT WARNING * * *
Something hits you but does no damage. Something hits you but does no damage.
There is a stone staircase leading down, spattered with blood here.
Something hits you.
* * * LOW HITPOINT WARNING * * *
You climb downwards.
Reactivating autopickup.
There is a stone staircase leading up here.
You aren't carrying any scrolls.
Okay, then.
Deactivating autopickup; reactivate with Ctrl-A.
You hit something but do no damage. Something hits you.
* * * LOW HITPOINT WARNING * * *
Something hits you but does no damage. x2
Something hits you but does no damage.
You closely miss something. Your headbutt misses something. Something hits you.
* * * LOW HITPOINT WARNING * * *
Something hits you but does no damage.
Sorry, you're not good enough to have a special ability.
Something hits you but does no damage.
You miss something. You headbutt something. Something hits you.
* * * LOW HITPOINT WARNING * * *
Something hits you but does no damage.
You barely miss something. Something hits you.
You die...

,≈,,,,,,,,*
*,,,*
,≈,,*******
#######* ≈≈,,*
#.....# ,,,,*
#.....# ,,,,*
#.....###
*****
#<......#
#.#####.#
#{#...#.#
#@#.....#
#.###...# #.#
#...##########
#.#
#......)[.)...
#.#
#..###########
#.#
#.......#####.
#.#
#.............
#.#
#..####.#####.
#.#
#.........# #.


There were no monsters in sight!

Vanquished Creatures
  A troll (D:5)
  5 humans (D:6)
  A water moccasin (D:4)
  An orc warrior (D:7)
  A hornet zombie (D:5)
  An ice beast (D:6)
  2 black bears
  A centaur (D:6)
  4 kobold brigands (Sewer)
  Blork the orc (D:4)
  A water moccasin zombie (D:5)
  A jelly (D:6)
  4 orc priests
  4 hounds
  A centaur skeleton (D:6)
  An iguana (D:5)
  An orc wizard (D:5)
  Robin (D:4)
  3 gnolls (D:5)
  10 adders
  2 river rats (Sewer)
  An ufetubus (D:5)
  An adder zombie (D:5)
  3 adder skeletons (D:4)
  5 worms
  3 dart slugs
  18 orcs
  5 bats
  11 endoplasms
  4 giant cockroaches
  11 goblins
  8 hobgoblins
  5 jackals
  2 quokkas
  10 ball pythons
  12 frilled lizards (D:1)
  11 kobolds
  7 rats
164 creatures vanquished.

Vanquished Creatures (others)
  An orc wizard (D:4)
  A butterfly (D:6)
  6 plants (D:1)
8 creatures vanquished.

Grand Total: 172 creatures vanquished

Notes
Turn   | Place    | Note
-------+----------+-------------------------------------------
     0 | D:1      | eastwood6510 the Minotaur Monk began the quest for the Orb.
     0 | D:1      | Reached XP level 1. HP: 19/19 MP: 0/0
   382 | D:1      | Reached XP level 2. HP: 27/27 MP: 1/1
   386 | D:1      | Reached skill level 4 in Axes
   574 | D:1      | Reached XP level 3. HP: 31/33 MP: 2/2
   921 | D:1      | Found a faded altar of an unknown god.
  1717 | D:2      | Reached XP level 4. HP: 41/41 MP: 3/3
  2724 | D:3      | Reached skill level 5 in Axes
  2867 | D:3      | Found a shadowy altar of Dithmenos.
  2881 | D:3      | Upgraded the game from 0.28-a0-794-gafe8c5f9e9 to
                  | 0.28-a0-816-gb054d885db
  2918 | D:3      | You fall into a shaft and drop 1 floor!
  3023 | D:4      | Noticed Robin
  3027 | D:4      | Reached XP level 5. HP: 24/47 MP: 4/4
  3200 | D:4      | Killed Robin
  3477 | D:4      | Noticed a black bear
  3485 | D:4      | Killed a black bear
  3486 | D:4      | Reached skill level 5 in Fighting
  3565 | D:4      | Noticed Blork the orc
  3573 | D:4      | Killed Blork the orc
  3574 | D:4      | Reached skill level 5 in Dodging
  3574 | D:4      | Reached XP level 6. HP: 15/56 MP: 5/5
  3984 | D:4      | Noticed a water moccasin
  4013 | D:4      | HP: 2/57 [poisoned by a water moccasin]
  4015 | D:4      | Killed a water moccasin
  4952 | D:5      | Entered Level 5 of the Dungeon
  5003 | D:5      | Reached XP level 7. HP: 56/63 MP: 6/6
  5129 | D:5      | Found a glowing drain.
  5141 | Sewer    | Entered a sewer
  5303 | Sewer    | Reached skill level 1 in Armour
  5862 | Sewer    | Reached skill level 1 in Shields
  6568 | D:5      | Noticed a troll
  6602 | D:5      | HP: 2/64 [troll (8)]
  6607 | D:5      | Killed a troll
  6608 | D:5      | Reached XP level 8. HP: 4/73 MP: 7/7
  7181 | D:5      | Reached skill level 5 in Armour
  7616 | D:5      | Upgraded the game from 0.28-a0-816-gb054d885db to
                  | 0.28-a0-823-gb444dcf96d
  7764 | D:6      | Reached skill level 6 in Axes
  7764 | D:6      | Reached skill level 5 in Stealth
  7780 | D:6      | Reached skill level 7 in Axes
  7780 | D:6      | Reached XP level 9. HP: 63/79 MP: 8/8
  8202 | D:7      | Reached skill level 8 in Axes
  8455 | D:7      | HP: 1/79 [something (6)]
  8456 | D:7      | Slain by an unseen horror

Illustrated notes

Levels and vault maps discovered:
D:1:      dpeg_arrival_tiny_b, layout_rooms, ebering_ecumenical_altar_petrified,
          minmay_large_rounded_square, minmay_fountain_box, minmay_lizard_king
D:2:      layout_basic, wad_floor_pattern_1
D:3:      layout_basic, grunt_dithmenos_smoke, grunt_temple_overflow_open
D:4:      layout_basic, serial_corexii_hall, corexii_hall_statues_i,
          chequers_hall_statues_corner_a, uniq_robin, uniq_blork_the_orc
D:5:      layout_basic, portal_sewer_entry_a
D:6:      layout_loops_ring, nicolae_elyvilon_peaceful_grove,
          minmay_temple_entry_enclosed_plants, amcnicky_mini_corridor_feature,
          hangedman_abyss_or_decor_jellyfish_corner, grunt_decor_junction,
          minmay_ruffians
D:7:      layout_basic, mainiacjoe_overflow_concentric_impassable, serial_shops,
          nicolae_diamond_shop, amethyst_killhole

Skill      XL: |  1  2  3  4  5  6  7  8  9 |
---------------+----------------------------+-----
Axes           | 4 5 7 8 |  8.1
Fighting       | 4 5 6 7 |  7.0
Stealth        | 2 3 4 5 6 |  6.5
Dodging        | 4 5 6 |  6.0
Armour         | 4 5 |  5.0
Shields        | 3 4 |  4.0
Throwing       | |  0.3

Action                   |  1- 3 |  4- 6 |  7- 9 || total
-------------------------+-------+-------+-------++-------
Melee: Hand axe          |    72 |    23 |       ||    95
       Headbutt          |    15 |    32 |    58 ||   105
       Short sword       |       |    94 |   302 ||   396
       Battleaxe         |       |       |     9 ||     9
Throw: Dart              |       |     4 |     3 ||     7
  Use: Scroll            |       |     4 |     4 ||     8
       Potion            |       |     2 |     1 ||     3
 Stab: Sleeping          |     1 |     6 |     1 ||     8
       Distracted        |       |       |     2 ||     2
Armor: Robe              |    11 |    12 |       ||    23
       Scale mail        |       |     2 |    43 ||    45
       Troll leather arm |       |       |    19 ||    19
       Plate armour      |       |       |    20 ||    20
Dodge: Dodged            |    41 |    72 |   162 ||   275
Block: Buckler           |       |     2 |    93 ||    95

Table legend: (Time is in decaauts)
 A = Elapsed time spent in this place.
 B = Non-inter-level travel time spent in this place.
 C = Inter-level travel time spent in this place.
 D = Time resting spent in this place.
 E = Time spent auto-exploring this place.
 F = Levels seen in this place.
 G = Mean time per level.
                   A        B        C        D        E       F      G
               +--------+--------+--------+--------+--------+-----+--------+
         Total |   8651 |   8239 |    412 |   2268 |   4328 |   8 | 1081.4 |
       Dungeon |   7419 |   7007 |    412 |   2002 |   3564 |   7 | 1059.9 |
         Sewer |   1231 |   1231 |      0 |    266 |    764 |   1 | 1231.0 |
               +--------+--------+--------+--------+--------+-----+--------+

Top non-repeatable levels by time:
     D:4: 2072 daAuts
     D:5: 1590 daAuts
   Sewer: 1231 daAuts
     D:1: 1154 daAuts
     D:3: 945 daAuts
     D:2: 841 daAuts
     D:6: 419 daAuts
     D:7: 396 daAuts
